Map: Abiogenesis LE

Players

Cort

  • Race: Zerg Zerg
  • League: Diamond
  • Spawn Location: 5:00

Iznog - Winner!

  • Race: Terran Terran
  • League: Diamond
  • Spawn Location: 11:00

VOD

Have the link to the VOD?

Description

Time

  • Played on: Feb. 25, 2018, 4:48 p.m.
  • Length: 11:12
Show
View Real Time Build Order
Export as new Build Order

Cort Zerg 

Build Orders: Hatch First 

Get SALT Encoding   

  12  0:01  Drone  
  13  0:13  Overlord  
  13  0:17  Drone  
  14  0:32  Drone x2  
  14  0:35  Drone  
  17  0:56  Hatchery  
  16  0:59  Drone  
  17  1:05  Extractor  
  16  1:18  Spawning Pool  
  15  1:21  Drone x2  
  15  1:22  Drone  
  18  1:32  Drone  
  19  1:42  Overlord  
  19  2:09  Queen x2  
  19  2:10  Metabolic Boost  
  19  2:15  Zergling x4  
  25  2:16  Drone x2  
  25  2:21  Drone  
  28  2:31  Drone x2  
  30  2:39  Spore Crawler  
  29  2:49  Queen  
  29  2:50  Queen  
  34  2:59  Overlord x2  
  34  3:02  Drone x2  
  36  3:20  Drone x2  
  36  3:21  Drone x5  
  43  3:43  Hatchery  
  42  3:49  Spore Crawler  
  42  3:50  Spore Crawler  
  42  3:53  Roach Warren  
  39  4:01  Evolution Chamber  
  39  4:02  Evolution Chamber  
  37  4:09  Lair  
  37  4:11  Drone x8  
  37  4:15  Extractor  
  44  4:32  Zergling x4  
  44  4:35  Overlord x2  
  44  5:06  Zerg Ground Armor Level 1, Zerg Missile Weapons Level 1  
  44  5:09  Drone  
  44  5:10  Drone x8  
  44  5:12  Extractor  
  44  5:13  Extractor  
  51  5:18  Queen  
  53  5:22  Overseer  
  53  5:30  Roach x5  
  53  5:32  Overlord  
  63  5:39  Drone x2  
  65  5:51  Drone x4  
  65  5:52  Drone  
  70  6:01  Overlord  
  70  6:02  Overlord  
  69  6:33  Drone x12  
  81  6:41  Hydralisk Den  
  80  6:55  Overlord x5  
  79  7:14  Drone  
  79  7:15  Drone x6  
  86  7:16  Drone  
  86  7:18  Drone x2, Extractor x2  
  86  7:20  Roach  
  86  7:21  Roach x2  
  90  7:45  Zerg Ground Armor Level 2, Zerg Missile Weapons Level 2  
  90  7:47  Hydralisk  
  90  7:48  Hydralisk x9  
  90  7:50  Grooved Spines  
  110  8:06  Overlord x6  
  110  8:09  Pneumatized Carapace  
  110  8:10  Hydralisk  
  112  8:22  Infestation Pit  
  112  8:26  Hydralisk  
  111  8:27  Hydralisk x6  
  111  8:29  Hydralisk x3  
  131  8:44  Hydralisk x8  
  147  9:06  Roach  
  147  9:07  Roach x6  
  161  9:12  Roach x2  
  161  9:13  Hatchery, Roach x3, Extractor  
  161  9:15  Extractor  
  168  9:19  Overlord x4  
  168  9:39  Ravager x3  
  168  9:40  Ravager x5  
  176  9:48  Hive  
  79  10:28  Roach  
  79  10:29  Roach x25  
  79  10:32  Queen  
  122  10:37  Roach  
  122  10:38  Roach x5  
  122  10:40  Roach  
  122  10:41  Roach  
  138  10:47  Roach x3  
Show
View Real Time Build Order
Export as new Build Order

Iznog Terran - Winner!

Build Orders: Reaper Expand, Hellion Banshee, Mech 

Get SALT Encoding   

  12  0:00  SCV  
  13  0:13  SCV  
  14  0:17  Supply Depot  
  14  0:25  SCV  
  15  0:28  Refinery  
  15  0:38  SCV  
  16  0:45  Barracks  
  16  0:50  SCV  
  17  1:03  SCV  
  18  1:15  SCV  
  19  1:32  Orbital Command  
  19  1:33  Reaper  
  20  1:44  Command Center  
  20  1:55  Factory  
  20  1:59  SCV  
  21  2:07  Supply Depot  
  21  2:13  SCV  
  22  2:16  Refinery, Barracks Reactor  
  22  2:29  SCV  
  23  2:42  SCV  
  24  2:58  Starport  
  24  3:03  Orbital Command, Hellion x2  
  24  3:04  SCV  
  29  3:12  Barracks Tech Lab  
  29  3:20  Supply Depot, SCV  
  29  3:24  Hellion x2  
  34  3:32  SCV  
  34  3:34  SCV  
  36  3:43  Cloaking Field  
  36  3:44  Viking  
  38  3:49  SCV x2  
  38  3:53  Armory  
  40  3:59  Hellion x2  
  44  4:04  Supply Depot  
  44  4:05  Marine  
  44  4:06  SCV x2  
  44  4:09  Refinery  
  47  4:25  SCV x2  
  49  4:37  SCV  
  49  4:38  SCV  
  51  4:44  Hellion  
  51  4:45  Banshee, Hellion  
  55  4:48  Command Center  
  55  4:50  Factory  
  58  4:57  SCV x2  
  62  5:07  Hellion  
  62  5:14  Supply Depot  
  62  5:16  Terran Vehicle Weapons Level 1  
  62  5:17  Supply Depot  
  62  5:21  Factory  
  62  5:36  SCV x2, Hellion  
  62  5:37  Refinery  
  62  5:38  Supply Depot  
  62  5:39  Supply Depot  
  62  5:42  Hellion  
  68  5:45  Medivac  
  70  6:00  Liberator  
  70  6:06  SCV  
  70  6:07  Orbital Command  
  70  6:10  SCV  
  72  6:15  Factory Tech Lab  
  72  6:16  Siege Tank  
  72  6:17  Hellion x2  
  82  6:28  SCV x2  
  82  6:32  Barracks Tech Lab  
  81  6:37  Factory  
  81  6:40  Factory  
  81  6:42  Hellion  
  81  6:43  SCV x3, Hellion  
  88  6:57  SCV x2, Engineering Bay  
  88  6:58  SCV  
  91  7:01  Refinery  
  91  7:02  Refinery  
  91  7:05  Command Center  
  91  7:10  Terran Vehicle Weapons Level 2  
  91  7:19  SCV x2  
  97  7:22  Factory Tech Lab, Hellion  
  97  7:26  Factory Reactor  
  97  7:28  Liberator  
  95  7:36  SCV  
  95  7:37  SCV x2  
  88  7:40  Siege Tank  
  92  7:44  Factory Reactor  
  92  7:48  SCV  
  92  7:49  SCV  
  97  7:54  Sensor Tower  
  97  7:58  Siege Tank x2  
  97  7:59  Hellion  
  97  8:00  Hellion  
  107  8:06  SCV x2  
  109  8:13  Supply Depot, SCV  
  109  8:15  Supply Depot, Siege Tank  
  109  8:18  Planetary Fortress  
  113  8:22  Hellion x4  
  113  8:25  SCV x2  
  123  8:27  SCV  
  123  8:31  Armory, Starport Reactor  
  124  8:36  Siege Tank x2  
  127  8:41  SCV  
  127  8:42  SCV x2  
  130  8:49  Refinery  
  130  8:50  Siege Tank, Hellion x2  
  130  8:51  Hellion x2  
  130  8:54  Supply Depot  
  141  8:56  Supply Depot  
  141  8:57  SCV  
  141  8:58  SCV x2  
  141  8:59  SCV  
  145  9:07  Starport  
  145  9:08  Sensor Tower  
  146  9:10  SCV  
  146  9:17  Supply Depot  
  146  9:18  Supply Depot  
  146  9:20  SCV  
  146  9:21  SCV x2  
  146  9:23  Hellion x4  
  157  9:25  Thor  
  163  9:36  SCV x2  
  163  9:37  SCV x2  
  167  9:41  Refinery, Siege Tank  
  167  9:42  Siege Tank  
  173  9:55  Hellion x2  
  173  9:56  Hellion x2  
  173  10:26  Hellion  
  173  10:27  Siege Tank x2, Hellion x3  
  173  10:28  Siege Tank  
Tags
 
Add a new tag
Caveats
  • Supply blocks, unpowered buildings, or Contaminate may cause inaccurate times.
  • Supply counts are checked every 10 seconds.